 Dungeon Crawl Stone Soup version 0.16-a0-3476-g5f3739d (webtiles) character file.

58 superterranean the Ruffian (level 3, -6/36 HPs)
             Began as a Troll Monk on Jan 3, 2015.
             Was a Believer of Pakellas.
             Killed by nerve-wracking pain
             ... invoked by Grinder
              (13 damage)
             ... while paralysed by Grinder
             ... on level 3 of the Dungeon.
             The game lasted 00:05:37 (1138 turns).

superterranean the Ruffian (Troll Monk)             Turns: 1138, Time: 00:05:37

Health: -6/36      AC:  5    Str: 19    XL:     3   Next: 76%
Magic:  2/2        EV:  1    Int:  6    God:    Pakellas [**....]
Gold:   108        SH:  0    Dex: 13    Spells: 0 memorised, 2 levels left

rFire  x . .     SeeInvis .       - Unarmed
rCold  + . .     Clarity  .     a - +0 robe
rNeg   . . .     SustAb   .     (shield restricted)
rPois  .         Gourm    +     (helmet restricted)
rElec  .         Spirit   .     (no cloak)
rCorr  .         Warding  .     (gloves unavailable)
rMut   .         Stasis   .     (boots unavailable)
MR     .....                    (no amulet)
Stlth  +.........               (no ring)
                                d - ring of ice

@: paralysed, not resistant to hostile enchantments, very unstealthy
A: unfitting armour, claws 3, fast metabolism 3, gourmand, regeneration 2,
shaggy fur 1, tough skin 2
a: Minor Device Surge, Quick Charge, Renounce Religion


You were on level 3 of the Dungeon.
You worshipped Pakellas.
Pakellas was pleased with you.
You were very full.

You visited 1 branch of the dungeon, and saw 3 of its levels.

You collected 108 gold pieces.

Inventory:

Armour
 a - a +0 robe (worn)
Jewellery
 d - a ring of ice (left claw)
Scrolls
 c - 2 scrolls of teleportation {unknown}
 e - a scroll of blinking {unknown}
 g - a scroll of fear {unknown}
 h - a scroll of amnesia {unknown}
 j - a scroll of recharging {unknown}
 k - 4 scrolls of identify {unknown}
 m - a scroll of fog {unknown}
 n - a scroll of magic mapping {unknown}
Potions
 f - 2 potions of invisibility {unknown}
 i - a potion of cancellation {unknown}
 l - a potion of might {unknown}
 o - 2 potions of curing
Comestibles
 b - 2 meat rations
 q - 2 bread rations


   Skills:
 - Level 2.4 Fighting
 - Level 2.4 Dodging
 - Level 1.1 Stealth
 * Level 5.4 Unarmed Combat
 + Level 0.0 Evocations


You had 2 spell levels left.
You didn't know any spells.

Dungeon Overview and Level Annotations

Branches:
Dungeon (3/15)

Altars:
Nemelex Xobeh
Pakellas
Sif Muna
Trog
Yredelemnul

Annotations:
D:3 Grinder


Innate Abilities, Weirdness & Mutations

You are too large for most types of armour.
You have claws for hands.
Your metabolism is lightning-fast.
You like to eat raw meat.
You heal very quickly.
You are covered in fur (AC +1).
You have very tough skin (AC +2).


Message History

You suddenly lose the ability to move!
Grinder hits you.
You writhe in agony.
Grinder gestures at you. You resist with significant effort. Grinder hits you!
* * * LOW HITPOINT WARNING * * *
You writhe in agony.
* * * LOW HITPOINT WARNING * * *
Grinder gestures at you.
You shrug off the repeated paralysis!
Grinder hits you.
* * * LOW HITPOINT WARNING * * *
You writhe in agony. x2
Grinder hits you.
* * * LOW HITPOINT WARNING * * *
You writhe in agony.
* * * LOW HITPOINT WARNING * * *
Grinder gestures at you. Pain shoots through your body!
You die...

. .. .. .# ....
.# ..... ###.#
......#<#.#
###...#.#.#
...........####
#####+#......#
#?5@†....#.#
#........# #
#........#
#........#
#........+
#........#
#........#
......... ####


You could see Grinder.

Vanquished Creatures
  2 adders (D:2)
  A worm (D:2)
  2 ball pythons (D:1)
  4 goblins
  3 hobgoblins (D:2)
  2 oozes
  3 bats
  4 giant cockroaches
  A giant gecko (D:1)
  4 giant newts
  2 jackals
  3 kobolds
  2 rats (D:1)
33 creatures vanquished.

Notes
Turn   | Place    | Note
--------------------------------------------------------------
     0 | D:1      | superterranean, the Troll Monk, began the quest for the Orb.
     0 | D:1      | Reached XP level 1. HP: 22/22 MP: 1/1
   230 | D:1      | Reached XP level 2. HP: 29/29 MP: 1/1
   569 | D:2      | Found a basalt altar of Yredelemnul.
   764 | D:2      | Found a bloodstained altar of Trog.
   765 | D:2      | Found a sparkling altar of Nemelex Xobeh.
   838 | D:2      | Found a deep blue altar of Sif Muna.
   881 | D:2      | Reached skill level 5 in Unarmed Combat
   881 | D:2      | Reached XP level 3. HP: 31/36 MP: 2/2
   912 | D:2      | Found an oddly glowing altar of Pakellas.
   925 | D:2      | Became a worshipper of Pakellas the Inventive
   925 | D:2      | Acquired Pakellas' first power
   925 | D:2      | Acquired Pakellas' second power
  1120 | D:3      | Noticed Grinder
  1131 | D:3      | Paralysed by Grinder for 7 turns
  1138 | D:3      | Killed from afar by Grinder

Action                   || total
-------------------------++-------
Melee: Unarmed           ||   117
  Use: Potion            ||     2
  Eat: Chunk             ||    15
